Map: [ESL] Data-C

Players

夜蝶蝶蝶蝶蝶蝶蝶 (Firefly) - Winner!

  • Race: Protoss Protoss

Cyan

  • Race: Protoss Protoss

Event: DreamHack SC2 Masters 2022 Atlanta (Online)

VOD

Have the link to the VOD?

Description

Time

  • Played on: Oct. 5, 2022, 9:25 a.m.
  • Length: 9:34

All games in this series

Show
View Real Time Build Order
Export as new Build Order

夜蝶蝶蝶蝶蝶蝶蝶 Protoss - Winner!

Build Orders: Oracle Opening 

Get SALT Encoding   

  12  0:00  Probe  
  13  0:12  Probe  
  14  0:19  Pylon  
  14  0:24  Probe  
  15  0:37  Probe (Chrono Boost)  
  15  0:38  Gateway  
  16  0:48  Assimilator  
  16  0:49  Probe (Chrono Boost)  
  17  0:53  Probe (Chrono Boost)  
  17  0:56  Assimilator  
  18  1:04  Probe (Chrono Boost)  
  19  1:06  Pylon  
  19  1:13  Probe (Chrono Boost)  
  19  1:18  Probe (Chrono Boost)  
  21  1:26  Cybernetics Core  
  21  1:30  Probe  
  22  1:42  Probe  
  23  1:57  Nexus  
  23  2:08  Stargate  
  23  2:10  Probe  
  23  2:14  Warp Gate  
  24  2:21  Stalker  
  26  2:26  Probe  
  27  2:35  Pylon  
  27  2:38  Probe  
  28  2:45  Shield Battery  
  28  2:49  Oracle (Chrono Boost)  
  28  2:54  Probe  
  31  3:06  Probe  
  31  3:12  Probe  
  32  3:16  Oracle (Chrono Boost)  
  32  3:18  Probe  
  36  3:24  Probe  
  36  3:28  Stalker  
  36  3:33  Probe  
  39  3:38  Shield Battery  
  39  3:51  Probe  
  39  3:52  Void Ray (Chrono Boost)  
  39  3:53  Probe  
  45  4:03  Probe  
  45  4:04  Pylon  
  45  4:06  Probe  
  45  4:08  Stalker  
  49  4:15  Probe  
  50  4:23  Probe  
  51  4:28  Probe  
  56  4:35  Probe  
  57  4:40  Probe  
  55  4:46  Robotics Facility  
  55  4:47  Probe  
  55  4:50  Oracle (Chrono Boost), Assimilator  
  55  4:52  Probe  
  53  4:53  Assimilator  
  53  4:59  Probe  
  57  5:04  Probe, Pylon  
  58  5:11  Probe  
  59  5:16  Probe  
  59  5:20  Stalker  
  63  5:31  Immortal (Chrono Boost)  
  63  5:33  Gateway  
  63  5:35  Gateway  
  66  5:38  Twilight Council  
  66  5:39  Pylon  
  66  5:45  Stalker  
  68  6:03  Immortal  
  72  6:04  Gateway  
  72  6:06  Gateway  
  72  6:08  Gateway  
  72  6:10  Gateway  
  70  6:18  Zealot  
  67  6:26  Pylon  
  67  6:28  Blink (Chrono Boost)  
  67  6:29  Pylon  
  67  6:31  Probe  
  67  6:32  Probe  
  67  6:52  Probe  
  64  6:55  Immortal (Chrono Boost)  
  64  6:57  Cybernetics Core  
  64  7:00  Probe  
  69  7:10  Gateway  
  69  7:18  Probe x2  
  71  7:26  Warp Prism  
  73  7:34  Stalker x6  
  85  7:59  Pylon  
  85  8:01  Pylon  
  85  8:02  Pylon  
  85  8:06  Pylon  
  85  8:20  Stalker x6  
  97  8:31  Pylon x2  
  82  8:49  Stalker x7  
  82  8:55  Stalker  
  90  9:20  Stalker x2  
  90  9:21  Stalker x3  
  100  9:29  Stalker x2  
Show
View Real Time Build Order
Export as new Build Order

Cyan Protoss 

Build Orders: 1 Gate Expand 

Get SALT Encoding   

  12  0:00  Probe  
  13  0:12  Probe  
  14  0:17  Pylon  
  14  0:24  Probe  
  15  0:36  Probe  
  15  0:39  Gateway  
  16  0:49  Probe  
  17  1:09  Nexus  
  17  1:12  Probe  
  17  1:17  Assimilator  
  18  1:29  Cybernetics Core  
  18  1:30  Probe  
  19  1:42  Probe  
  20  1:55  Probe  
  20  1:58  Warp Gate (Chrono Boost), Pylon  
  20  1:59  Assimilator  
  21  2:02  Adept (Chrono Boost)  
  23  2:16  Probe (Chrono Boost), Gateway  
  25  2:25  Probe (Chrono Boost)  
  25  2:26  Stalker (Chrono Boost)  
  25  2:28  Probe (Chrono Boost)  
  28  2:34  Probe (Chrono Boost)  
  28  2:35  Probe (Chrono Boost)  
  30  2:45  Gateway  
  30  2:46  Probe  
  31  2:53  Probe  
  31  2:57  Stalker  
  34  3:00  Probe  
  35  3:07  Stalker  
  35  3:10  Probe  
  36  3:14  Pylon  
  36  3:18  Probe  
  36  3:22  Probe  
  36  3:26  Shield Battery  
  37  3:32  Probe  
  38  3:40  Stalker  
  39  3:44  Stalker  
  39  3:48  Shield Battery  
  39  3:56  Stalker  
  39  3:59  Probe  
  39  4:00  Probe  
  43  4:06  Stalker  
  43  4:09  Stalker  
  47  4:12  Probe  
  47  4:14  Probe  
  49  4:26  Stalker  
  49  4:27  Probe x2  
  49  4:30  Pylon  
  53  4:38  Twilight Council  
  53  4:42  Probe  
  53  4:45  Probe  
  53  4:49  Stalker x2  
  57  4:56  Stalker  
  57  4:58  Probe  
  60  5:01  Pylon  
  61  5:07  Probe (Chrono Boost)  
  61  5:09  Assimilator  
  61  5:11  Probe (Chrono Boost)  
  62  5:19  Pylon  
  62  5:20  Probe x2 (Chrono Boost)  
  64  5:26  Adept x2  
  64  5:27  Adept  
  70  5:32  Pylon  
  70  5:37  Probe x2  
  70  5:38  Blink (Chrono Boost)  
  70  5:39  Forge  
  71  5:49  Probe  
  72  5:57  Robotics Facility  
  72  6:01  Pylon  
  72  6:03  Stalker  
  74  6:06  Probe  
  75  6:17  Protoss Ground Weapons Level 1 (Chrono Boost)  
  75  6:23  Adept x2, Nexus  
  75  6:24  Probe  
  76  6:31  Probe  
  75  6:34  Shield Battery  
  75  6:36  Probe  
  70  6:42  Stalker  
  70  6:43  Probe (Chrono Boost)  
  67  6:53  Probe (Chrono Boost)  
  65  6:55  Probe (Chrono Boost)  
  64  7:02  Probe (Chrono Boost), Stalker  
  64  7:03  Probe (Chrono Boost)  
  64  7:04  Shield Battery  
  64  7:06  Observer  
  68  7:09  Probe  
  68  7:13  Probe  
  68  7:15  Adept x2  
  74  7:21  Probe  
  75  7:25  Probe  
  77  7:30  Observer  
  77  7:33  Probe  
  78  7:37  Probe  
  69  7:46  Probe  
  69  7:48  Stalker x2  
  69  7:49  Probe, Stalker  
  69  7:51  Probe  
  72  7:58  Probe  
  71  8:01  Probe  
  71  8:03  Probe  
  71  8:04  Gateway  
  73  8:07  Gateway  
  73  8:10  Gateway, Probe  
  73  8:11  Shield Battery  
  74  8:14  Gateway  
  74  8:20  Stalker  
  74  8:25  Sentry  
  74  8:29  Immortal (Chrono Boost)  
  78  8:40  Stalker  
  72  8:44  Stalker  
  65  9:03  Sentry  
  65  9:04  Pylon  
  65  9:05  Shield Battery  
  65  9:07  Pylon  
  71  9:15  Sentry  
  69  9:19  Cybernetics Core, Stalker  
  69  9:24  Zealot  
Tags
 
Add a new tag
Caveats
  • Supply blocks, unpowered buildings, or Contaminate may cause inaccurate times.
  • Supply counts are checked every 10 seconds.